1958 views
Uploaded 2022-12-22 02:44:57
Game version 1.32.10
70:34 long 3on3 ladder game on (6)TimbermawHold
Saved by GIGA
1958 views
Uploaded 2022-12-22 02:44:57
Game version 1.32.10
70:34 long 3on3 ladder game on (6)TimbermawHold


141 units @ 21.7k
/ 3.3k
87 buildings @ 10.9k
/ 4.8k



| Ivory Tower | 2 | 80 |
| Scroll of Regeneration | 1 | 100 |
| Orb of Fire | 1 | 325 |
| Staff of Sanctuary | 1 | 250 |
| Scroll of Town Portal | 2 | 700 |
| Boots of Speed | 1 | 250 |
| Potion of Lesser Invulnerability | 1 | 150 |
| total: | 9 | 1855g |
| Peasant | 27 | 2025 | / | 0 |
| Footman | 7 | 945 | / | 0 |
| Rifleman | 8 | 1640 | / | 240 |
| Dragonhawk Rider | 4 | 800 | / | 120 |
| Gryphon Rider | 1 | 280 | / | 70 |
| Knight | 1 | 245 | / | 60 |
| Siege Engine | 5 | 975 | / | 300 |
| Flying Machine | 1 | 100 | / | 30 |
| Mortar Team | 1 | 180 | / | 70 |
| total: | 55 | 7190g | / | 890w |
| Scout Tower | 6 | 180 | / | 120 |
| Arcane Tower | 2 | 140 | / | 100 |
| Guard Tower | 6 | 420 | / | 300 |
| Barracks | 2 | 320 | / | 120 |
| Farm | 13 | 1040 | / | 260 |
| Lumber Mill | 2 | 240 | / | 0 |
| Altar of Kings | 1 | 180 | / | 50 |
| Arcane Vault | 1 | 130 | / | 30 |
| Town Hall | 3 | 1155 | / | 615 |
| Blacksmith | 1 | 140 | / | 60 |
| Gryphon Aviary | 2 | 280 | / | 300 |
| Workshop | 3 | 420 | / | 420 |
| Keep | 1 | 320 | / | 210 |
| Castle | 2 | 720 | / | 420 |
| total: | 34 | 4085g | / | 1975w |
| 0:03 | Peasant |
| 0:03 | Peasant |
| 0:10 | Peasant |
| 0:20 | Barracks |
| 0:21 | Peasant |
| 0:32 | Peasant |
| 0:34 | Farm |
| 0:46 | Peasant |
| 0:56 | Lumber Mill |
| 0:59 | Peasant |
| 1:06 | Altar of Kings |
| 1:11 | Farm |
| 1:24 | Footman |
| 1:37 | Peasant |
| 1:45 | Footman |
| 1:53 | Scout Tower |
| 1:59 | Improved Lumber Harvesting |
| 2:17 | Footman |
| 2:26 | Acid Bomb |
| 2:32 | Arcane Tower |
| 2:34 | Farm |
| 2:52 | Arcane Vault |
| 3:02 | Defend |
| 3:19 | Scout Tower |
| 3:20 | Peasant |
| 3:35 | Healing Spray |
| 3:50 | Peasant |
| 3:50 | Peasant |
| 3:59 | Scout Tower |
| 4:07 | Scout Tower |
| 4:08 | Guard Tower |
| 4:10 | Scout Tower |
| 4:21 | Footman |
| 4:22 | Peasant |
| 4:22 | Peasant |
| 4:26 | Farm |
| 4:42 | Boots of Speed |
| 4:54 | Guard Tower |
| 4:55 | Guard Tower |
| 4:56 | Guard Tower |
| 5:00 | Scout Tower |
| 5:32 | Arcane Tower |
| 5:33 | Farm |
| 5:44 | Peasant |
| 5:44 | Peasant |
| 5:49 | Keep |
| 5:50 | Footman |
| 6:20 | Acid Bomb |
| 6:31 | Footman |
| 6:41 | Town Hall |
| 6:54 | Footman |
| 7:40 | Blacksmith |
| 7:59 | Farm |
| 8:25 | Castle |
| 8:29 | Gryphon Aviary |
| 8:33 | Castle |
| 8:40 | Advanced Lumber Harvesting |
| 8:44 | Farm |
| 8:53 | Ivory Tower |
| 8:53 | Ivory Tower |
| 9:00 | Rifleman |
| 9:03 | Barracks |
| 9:12 | Guard Tower |
| 9:16 | Farm |
| 10:00 | Guard Tower |
| 10:23 | Rifleman |
| 10:24 | Dragonhawk Rider |
| 10:27 | Gryphon Aviary |
| 10:31 | Rifleman |
| 11:31 | Cloud |
| 11:33 | Long Rifles |
| 11:34 | Peasant |
| 11:53 | Silence |
| 12:00 | Peasant |
| 12:05 | Town Hall |
| 12:07 | Dragonhawk Rider |
| 12:36 | Dragonhawk Rider |
| 13:37 | Gryphon Rider |
| 13:53 | Rifleman |
| 14:11 | Knight |
| 14:14 | Studded Leather Armor |
| 14:45 | Storm Hammers |
| 14:47 | Farm |
| 15:03 | Potion of Lesser Invulnerability |
| 16:23 | Rifleman |
| 16:30 | Healing Spray |
| 16:32 | Black Arrow |
| 16:42 | Scroll of Regeneration |
| 16:45 | Scroll of Town Portal |
| 16:46 | Orb of Fire |
| 16:48 | Rifleman |
| 16:58 | Peasant |
| 17:00 | Peasant |
| 17:00 | Peasant |
| 17:01 | Peasant |
| 17:18 | Peasant |
| 17:19 | Peasant |
| 17:19 | Peasant |
| 17:46 | Rifleman |
| 17:48 | Peasant |
| 17:48 | Peasant |
| 19:32 | Workshop |
| 19:56 | Farm |
| 19:57 | Peasant |
| 20:00 | Lumber Mill |
| 20:16 | Dragonhawk Rider |
| 21:01 | Workshop |
| 21:02 | Siege Engine |
| 21:43 | Barrage |
| 21:44 | Siege Engine |
| 22:01 | Siege Engine |
| 22:39 | Siege Engine |
| 22:43 | Farm |
| 23:09 | Farm |
| 23:11 | Scroll of Town Portal |
| 23:11 | Staff of Sanctuary |
| 23:26 | Improved Masonry |
| 23:31 | Workshop |
| 23:51 | Farm |
| 23:52 | Siege Engine |
| 24:39 | Advanced Masonry |
| 30:31 | Flying Machine |
| 33:16 | Acid Bomb |
| 37:24 | Holy Light |
| 37:56 | Town Hall |
| 38:03 | Fragmentation Shards |
| 44:05 | Silence |
| 44:38 | Rifleman |
| 45:33 | Mortar Team |
| 47:18 | Devotion Aura |
| 53:53 | Transmute |
| Right click | 1450 |
| Select group | 1292 |
| Select | 668 |
| Misc. action | 336 |
| Use ability | 191 |
| Chat | 181 |
| Build/train/purchase | 110 |
| Minimap ping | 56 |
| Assign group | 55 |
| Resource trade | 52 |
| Remove unit | 4 |
| Item give/drop | 2 |
| Esc | 1 |


| Potion of Healing | 1 | 150 |
| Potion of Mana | 2 | 400 |
| Orb of Fire | 1 | 325 |
| Lesser Clarity Potion | 1 | 70 |
| Dust of Appearance | 3 | 225 |
| Scroll of Healing | 2 | 500 |
| Scroll of Town Portal | 2 | 700 |
| Circlet of Nobility | 1 | 175 |
| Potion of Lesser Invulnerability | 1 | 150 |
| Boots of Speed | 1 | 250 |
| total: | 15 | 2945g |
| Peasant | 16 | 1200 | / | 0 |
| Footman | 6 | 810 | / | 0 |
| Rifleman | 27 | 5535 | / | 810 |
| Mortar Team | 7 | 1260 | / | 490 |
| total: | 56 | 8805g | / | 1300w |
| Scout Tower | 9 | 270 | / | 180 |
| Arcane Tower | 2 | 140 | / | 100 |
| Guard Tower | 8 | 560 | / | 400 |
| Barracks | 1 | 160 | / | 60 |
| Farm | 14 | 1120 | / | 280 |
| Altar of Kings | 1 | 180 | / | 50 |
| Blacksmith | 1 | 140 | / | 60 |
| Arcane Vault | 1 | 130 | / | 30 |
| Lumber Mill | 1 | 120 | / | 0 |
| Town Hall | 3 | 1155 | / | 615 |
| Workshop | 2 | 280 | / | 280 |
| Keep | 2 | 640 | / | 420 |
| Castle | 1 | 360 | / | 210 |
| total: | 33 | 3555g | / | 1555w |
| 0:04 | Barracks |
| 0:05 | Peasant |
| 0:11 | Farm |
| 0:14 | Peasant |
| 0:23 | Altar of Kings |
| 0:27 | Peasant |
| 0:37 | Peasant |
| 0:52 | Farm |
| 1:02 | Peasant |
| 1:20 | Peasant |
| 1:25 | Scout Tower |
| 1:35 | Peasant |
| 1:44 | Footman |
| 1:46 | Footman |
| 2:00 | Farm |
| 2:02 | Arcane Tower |
| 2:13 | Footman |
| 2:22 | Peasant |
| 2:26 | Summon Water Elemental |
| 2:50 | Peasant |
| 2:55 | Farm |
| 2:57 | Footman |
| 3:04 | Blacksmith |
| 3:26 | Footman |
| 3:54 | Footman |
| 4:10 | Keep |
| 4:28 | Dust of Appearance |
| 4:50 | Circlet of Nobility |
| 4:55 | Rifleman |
| 4:59 | Farm |
| 5:33 | Brilliance Aura |
| 5:38 | Rifleman |
| 5:50 | Rifleman |
| 5:54 | Arcane Vault |
| 6:33 | Long Rifles |
| 6:34 | Farm |
| 6:50 | Farm |
| 7:08 | Rifleman |
| 7:32 | Rifleman |
| 7:43 | Lumber Mill |
| 8:22 | Potion of Healing |
| 8:23 | Potion of Mana |
| 8:25 | Summon Water Elemental |
| 8:27 | Storm Bolt |
| 9:06 | Rifleman |
| 10:17 | Workshop |
| 10:42 | Workshop |
| 11:36 | Rifleman |
| 11:46 | Rifleman |
| 11:46 | Black Gunpowder |
| 11:50 | Mortar Team |
| 12:10 | Farm |
| 13:26 | Rifleman |
| 13:30 | Farm |
| 13:34 | Mortar Team |
| 13:36 | Mortar Team |
| 16:04 | Rifleman |
| 16:22 | Bash |
| 17:07 | Mortar Team |
| 17:09 | Mortar Team |
| 17:10 | Rifleman |
| 17:17 | Studded Leather Armor |
| 17:19 | Rifleman |
| 17:24 | Mortar Team |
| 17:26 | Mortar Team |
| 18:30 | Brilliance Aura |
| 19:07 | Town Hall |
| 21:08 | Town Hall |
| 21:35 | Rifleman |
| 23:03 | Rifleman |
| 23:03 | Rifleman |
| 23:43 | Farm |
| 23:44 | Farm |
| 23:46 | Farm |
| 23:49 | Farm |
| 24:12 | Rifleman |
| 24:49 | Peasant |
| 25:28 | Farm |
| 25:40 | Scout Tower |
| 26:40 | Rifleman |
| 26:41 | Rifleman |
| 26:45 | Arcane Tower |
| 26:47 | Guard Tower |
| 26:48 | Peasant |
| 26:50 | Scout Tower |
| 27:18 | Guard Tower |
| 27:25 | Scout Tower |
| 27:36 | Rifleman |
| 27:53 | Guard Tower |
| 27:58 | Scout Tower |
| 28:11 | Rifleman |
| 28:26 | Guard Tower |
| 29:19 | Scout Tower |
| 29:55 | Guard Tower |
| 29:58 | Scout Tower |
| 31:19 | Dust of Appearance |
| 31:22 | Scroll of Healing |
| 32:30 | Storm Bolt |
| 32:56 | Rifleman |
| 32:56 | Rifleman |
| 33:50 | Guard Tower |
| 33:54 | Scout Tower |
| 33:59 | Scout Tower |
| 34:11 | Dust of Appearance |
| 34:11 | Scroll of Healing |
| 34:12 | Potion of Lesser Invulnerability |
| 34:38 | Keep |
| 35:13 | Orb of Fire |
| 35:17 | Potion of Mana |
| 35:23 | Lesser Clarity Potion |
| 35:38 | Rifleman |
| 35:41 | Guard Tower |
| 35:42 | Guard Tower |
| 37:27 | Rifleman |
| 37:54 | Refined Gunpowder |
| 37:55 | Reinforced Leather Armor |
| 38:02 | Peasant |
| 38:03 | Peasant |
| 38:04 | Peasant |
| 38:04 | Peasant |
| 38:05 | Peasant |
| 38:44 | Town Hall |
| 39:47 | Castle |
| 40:21 | Scroll of Town Portal |
| 40:53 | Scroll of Town Portal |
| 42:59 | Boots of Speed |
| 44:17 | Rifleman |
| 46:22 | Summon Water Elemental |
| 47:23 | Bash |
| 48:12 | Rifleman |
| 49:04 | Rifleman |
| 60:59 | Storm Bolt |
| 64:04 | Mass Teleport |
| Right click | 3325 |
| Select group | 947 |
| Select | 930 |
| Build/train/purchase | 203 |
| Use ability | 92 |
| Assign group | 66 |
| Resource trade | 38 |
| Minimap ping | 33 |
| Chat | 22 |
| Misc. action | 11 |
| Item give/drop | 6 |
| Esc | 2 |

| Rod of Necromancy | 1 | 150 |
| Lesser Clarity Potion | 1 | 70 |
| Dust of Appearance | 7 | 525 |
| Boots of Speed | 1 | 250 |
| Scroll of Regeneration | 1 | 100 |
| total: | 11 | 1095g |
| Acolyte | 8 | 600 | / | 0 |
| Ghoul | 3 | 360 | / | 0 |
| Crypt Fiend | 15 | 3225 | / | 600 |
| Frost Wyrm | 4 | 1540 | / | 480 |
| total: | 30 | 5725g | / | 1080w |
| Nerubian Tower | 3 | 300 | / | 60 |
| Spirit Tower | 1 | 145 | / | 40 |
| Ziggurat | 11 | 1650 | / | 550 |
| Altar of Darkness | 1 | 180 | / | 50 |
| Crypt | 1 | 200 | / | 50 |
| Graveyard | 1 | 215 | / | 0 |
| Tomb of Relics | 1 | 130 | / | 30 |
| Necropolis | 2 | 450 | / | 0 |
| Sacrificial Pit | 1 | 75 | / | 150 |
| Boneyard | 2 | 350 | / | 400 |
| Halls of the Dead | 2 | 640 | / | 420 |
| Black Citadel | 1 | 325 | / | 230 |
| total: | 20 | 3250g | / | 1230w |
| 0:04 | Acolyte |
| 0:04 | Acolyte |
| 0:08 | Ziggurat |
| 0:13 | Altar of Darkness |
| 0:34 | Crypt |
| 1:02 | Nerubian Tower |
| 1:23 | Graveyard |
| 1:33 | Ziggurat |
| 1:39 | Ghoul |
| 1:57 | Ghoul |
| 2:17 | Death Coil |
| 2:29 | Ghoul |
| 2:54 | Crypt Fiend |
| 2:57 | Creature Attack |
| 3:31 | Crypt Fiend |
| 3:33 | Halls of the Dead |
| 3:54 | Nerubian Tower |
| 4:04 | Tomb of Relics |
| 4:14 | Crypt Fiend |
| 4:53 | Crypt Fiend |
| 5:51 | Unholy Aura |
| 5:55 | Dust of Appearance |
| 6:03 | Ziggurat |
| 6:08 | Ziggurat |
| 6:14 | Rod of Necromancy |
| 6:20 | Improved Creature Attack |
| 7:21 | Crypt Fiend |
| 7:43 | Sacrificial Pit |
| 7:45 | Nerubian Tower |
| 8:24 | Death Coil |
| 8:35 | Web |
| 8:40 | Black Citadel |
| 10:17 | Crypt Fiend |
| 11:33 | Boneyard |
| 11:40 | Boneyard |
| 13:36 | Frost Wyrm |
| 14:19 | Acolyte |
| 14:36 | Creature Carapace |
| 14:50 | Ziggurat |
| 14:52 | Ziggurat |
| 15:07 | Freezing Breath |
| 15:28 | Dust of Appearance |
| 15:45 | Unholy Aura |
| 16:20 | Frost Wyrm |
| 17:15 | Crypt Fiend |
| 17:35 | Necropolis |
| 18:06 | Frost Wyrm |
| 19:31 | Frost Wyrm |
| 20:06 | Halls of the Dead |
| 20:55 | Spirit Tower |
| 22:36 | Death Coil |
| 23:39 | Necropolis |
| 24:02 | Ziggurat |
| 24:05 | Ziggurat |
| 25:25 | Dust of Appearance |
| 25:32 | Crypt Fiend |
| 25:32 | Crypt Fiend |
| 26:39 | Ziggurat |
| 26:48 | Crypt Fiend |
| 26:48 | Crypt Fiend |
| 27:22 | Acolyte |
| 27:22 | Acolyte |
| 27:22 | Acolyte |
| 28:09 | Dust of Appearance |
| 28:19 | Ziggurat |
| 28:22 | Ziggurat |
| 30:00 | Crypt Fiend |
| 30:00 | Crypt Fiend |
| 30:00 | Crypt Fiend |
| 30:00 | Crypt Fiend |
| 33:26 | Dust of Appearance |
| 33:35 | Scroll of Regeneration |
| 33:38 | Lesser Clarity Potion |
| 34:19 | Boots of Speed |
| 42:47 | Dust of Appearance |
| 44:37 | Acolyte |
| 44:38 | Acolyte |
| 45:02 | Dust of Appearance |
| 47:41 | Unholy Aura |
| 68:32 | Animate Dead |
| Right click | 7073 |
| Select | 356 |
| Select group | 201 |
| Use ability | 111 |
| Build/train/purchase | 86 |
| Minimap ping | 25 |
| Assign group | 23 |
| Resource trade | 23 |
| Remove unit | 5 |
| Item give/drop | 3 |
| Esc | 3 |
114 units @ 14.9k
/ 2.9k
137 buildings @ 10.9k
/ 6.1k

| Peasant | 14 | 1050 | / | 0 |
| Mortar Team | 8 | 1440 | / | 560 |
| Dragonhawk Rider | 12 | 2400 | / | 360 |
| Flying Machine | 32 | 3200 | / | 960 |
| Green Dragon | 4 | 2980 | / | 800 |
| total: | 70 | 11070g | / | 2680w |
| Scout Tower | 19 | 570 | / | 380 |
| Arcane Tower | 1 | 70 | / | 50 |
| Guard Tower | 9 | 630 | / | 450 |
| Altar of Kings | 1 | 180 | / | 50 |
| Farm | 14 | 1120 | / | 280 |
| Lumber Mill | 1 | 120 | / | 0 |
| Blacksmith | 1 | 140 | / | 60 |
| Arcane Vault | 1 | 130 | / | 30 |
| Barracks | 1 | 160 | / | 60 |
| Workshop | 3 | 420 | / | 420 |
| Gryphon Aviary | 1 | 140 | / | 150 |
| Keep | 1 | 320 | / | 210 |
| Castle | 1 | 360 | / | 210 |
| total: | 42 | 2980g | / | 1430w |
| 0:02 | Peasant |
| 0:11 | Peasant |
| 0:18 | Altar of Kings |
| 0:19 | Peasant |
| 0:32 | Farm |
| 0:34 | Peasant |
| 0:48 | Lumber Mill |
| 0:50 | Peasant |
| 0:59 | Farm |
| 1:12 | Peasant |
| 1:23 | Peasant |
| 1:27 | Peasant |
| 1:42 | Scout Tower |
| 1:43 | Peasant |
| 1:50 | Peasant |
| 1:57 | Peasant |
| 2:09 | Peasant |
| 2:17 | Arcane Tower |
| 2:23 | Peasant |
| 2:34 | Storm Bolt |
| 3:15 | Scout Tower |
| 3:17 | Scout Tower |
| 3:18 | Scout Tower |
| 3:23 | Scout Tower |
| 3:27 | Peasant |
| 3:28 | Keep |
| 3:31 | Improved Lumber Harvesting |
| 3:36 | Blacksmith |
| 3:44 | Scout Tower |
| 3:45 | Scout Tower |
| 3:46 | Guard Tower |
| 3:50 | Guard Tower |
| 4:14 | Guard Tower |
| 4:18 | Scout Tower |
| 4:20 | Guard Tower |
| 4:22 | Scout Tower |
| 4:23 | Scout Tower |
| 4:26 | Scout Tower |
| 4:27 | Scout Tower |
| 4:49 | Guard Tower |
| 4:58 | Guard Tower |
| 5:04 | Black Gunpowder |
| 5:09 | Scout Tower |
| 5:09 | Scout Tower |
| 5:10 | Scout Tower |
| 5:22 | Guard Tower |
| 5:26 | Scout Tower |
| 5:29 | Scout Tower |
| 5:35 | Improved Masonry |
| 5:49 | Castle |
| 5:58 | Guard Tower |
| 6:07 | Farm |
| 6:14 | Workshop |
| 6:14 | Workshop |
| 6:15 | Workshop |
| 6:25 | Guard Tower |
| 6:40 | Refined Gunpowder |
| 6:44 | Advanced Lumber Harvesting |
| 7:25 | Flare |
| 7:25 | Flak Cannons |
| 7:30 | Farm |
| 7:31 | Farm |
| 8:00 | Mortar Team |
| 8:02 | Iron Plating |
| 8:06 | Scout Tower |
| 8:06 | Scout Tower |
| 8:14 | Flying Machine Bombs |
| 8:22 | Advanced Masonry |
| 8:24 | Fragmentation Shards |
| 8:45 | Imbued Gunpowder |
| 8:47 | Farm |
| 8:48 | Farm |
| 8:52 | Mortar Team |
| 8:55 | Arcane Vault |
| 8:58 | Gryphon Aviary |
| 9:10 | Steel Plating |
| 10:02 | Farm |
| 10:40 | Cloud |
| 10:41 | Dragonhawk Rider |
| 11:21 | Mortar Team |
| 11:22 | Flying Machine |
| 11:23 | Flying Machine |
| 11:23 | Flying Machine |
| 11:24 | Flying Machine |
| 11:36 | Flying Machine |
| 11:55 | Flying Machine |
| 11:56 | Flying Machine |
| 11:56 | Flying Machine |
| 11:58 | Dragonhawk Rider |
| 11:58 | Dragonhawk Rider |
| 12:00 | Mithril Plating |
| 12:00 | Studded Leather Armor |
| 12:09 | Barracks |
| 12:12 | Imbued Masonry |
| 12:21 | Flying Machine |
| 12:22 | Flying Machine |
| 12:26 | Farm |
| 12:28 | Farm |
| 12:31 | Farm |
| 12:35 | Farm |
| 12:36 | Farm |
| 12:37 | Farm |
| 12:41 | Flying Machine |
| 12:41 | Flying Machine |
| 12:41 | Flying Machine |
| 13:17 | Flying Machine |
| 15:07 | Mortar Team |
| 15:51 | Mortar Team |
| 18:09 | Dragonhawk Rider |
| 18:28 | Mortar Team |
| 19:39 | Green Dragon |
| 22:41 | Dragonhawk Rider |
| 22:41 | Dragonhawk Rider |
| 22:58 | Green Dragon |
| 28:22 | Green Dragon |
| 36:14 | Flying Machine |
| 36:15 | Flying Machine |
| 36:26 | Flying Machine |
| 36:27 | Flying Machine |
| 36:27 | Flying Machine |
| 36:27 | Flying Machine |
| 36:27 | Flying Machine |
| 36:27 | Flying Machine |
| 36:28 | Flying Machine |
| 36:32 | Dragonhawk Rider |
| 36:32 | Dragonhawk Rider |
| 37:26 | Flying Machine |
| 37:26 | Flying Machine |
| 37:27 | Flying Machine |
| 37:27 | Flying Machine |
| 38:06 | Flying Machine |
| 38:06 | Flying Machine |
| 44:29 | Dragonhawk Rider |
| 44:29 | Dragonhawk Rider |
| 48:23 | Mortar Team |
| 48:59 | Mortar Team |
| 51:53 | Green Dragon |
| 52:54 | Dragonhawk Rider |
| 52:54 | Dragonhawk Rider |
| 56:32 | Flying Machine |
| 64:56 | Flying Machine |
| 64:57 | Flying Machine |
| 65:30 | Storm Bolt |
| Right click | 3614 |
| Select group | 2943 |
| Select | 567 |
| Build/train/purchase | 126 |
| Misc. action | 109 |
| Use ability | 54 |
| Assign group | 49 |
| Minimap ping | 22 |
| Esc | 7 |
| Resource trade | 6 |
| Chat | 4 |
| Remove unit | 1 |
GIGA
(207)
(70:24) : 

| Healing Salve | 1 | 100 |
| Lesser Clarity Potion | 1 | 70 |
| Potion of Healing | 1 | 150 |
| Orb of Lightning | 1 | 375 |
| Tiny Great Hall | 2 | 1200 |
| Boots of Speed | 1 | 250 |
| Staff of Teleportation | 1 | 150 |
| Circlet of Nobility | 1 | 175 |
| total: | 9 | 2470g |
| Peon | 21 | 1575 | / | 0 |
| Troll Witch Doctor | 7 | 1015 | / | 175 |
| total: | 28 | 2590g | / | 175w |
| Watch Tower | 32 | 3520 | / | 2560 |
| Altar of Storms | 1 | 180 | / | 50 |
| Orc Burrow | 3 | 480 | / | 120 |
| War Mill | 1 | 205 | / | 0 |
| Voodoo Lounge | 1 | 130 | / | 30 |
| Spirit Lodge | 1 | 150 | / | 150 |
| Beastiary | 1 | 145 | / | 140 |
| Stronghold | 1 | 315 | / | 190 |
| Fortress | 1 | 325 | / | 190 |
| total: | 40 | 4810g | / | 3050w |
| 0:04 | Peon |
| 0:04 | Peon |
| 0:07 | Altar of Storms |
| 0:10 | Orc Burrow |
| 0:22 | Peon |
| 0:35 | Peon |
| 0:35 | Peon |
| 0:54 | War Mill |
| 1:14 | Peon |
| 1:26 | Peon |
| 1:32 | Voodoo Lounge |
| 1:36 | Peon |
| 1:49 | Peon |
| 2:04 | Peon |
| 2:09 | Orc Burrow |
| 2:14 | Wind Walk |
| 2:48 | Watch Tower |
| 2:49 | Peon |
| 2:49 | Peon |
| 2:50 | Peon |
| 2:50 | Peon |
| 4:06 | Peon |
| 4:07 | Peon |
| 4:11 | Watch Tower |
| 4:51 | Boots of Speed |
| 4:51 | Staff of Teleportation |
| 5:30 | Healing Salve |
| 5:30 | Lesser Clarity Potion |
| 5:37 | Watch Tower |
| 5:39 | Stronghold |
| 5:41 | Watch Tower |
| 6:17 | Critical Strike |
| 7:04 | Watch Tower |
| 7:06 | Watch Tower |
| 8:58 | Fortress |
| 9:02 | Spirit Lodge |
| 9:04 | Beastiary |
| 9:06 | Reinforced Defenses |
| 9:06 | Spiked Barricades |
| 9:31 | Watch Tower |
| 10:23 | Watch Tower |
| 10:25 | Watch Tower |
| 10:27 | Watch Tower |
| 10:32 | Watch Tower |
| 11:26 | Wind Walk |
| 11:28 | Witch Doctor Adept Training |
| 11:34 | Troll Witch Doctor |
| 11:34 | Troll Witch Doctor |
| 11:38 | Watch Tower |
| 11:42 | Watch Tower |
| 11:48 | Watch Tower |
| 11:52 | Watch Tower |
| 11:54 | Watch Tower |
| 13:28 | Witch Doctor Master Training |
| 13:28 | Troll Witch Doctor |
| 13:28 | Troll Witch Doctor |
| 14:53 | Orc Burrow |
| 15:50 | Critical Strike |
| 16:52 | Potion of Healing |
| 16:54 | Orb of Lightning |
| 16:57 | Critical Strike |
| 17:09 | Watch Tower |
| 17:10 | Watch Tower |
| 17:10 | Watch Tower |
| 17:12 | Watch Tower |
| 17:13 | Watch Tower |
| 17:14 | Watch Tower |
| 17:16 | Watch Tower |
| 17:19 | Watch Tower |
| 17:19 | Watch Tower |
| 20:57 | Bladestorm |
| 23:21 | Circlet of Nobility |
| 24:53 | Wind Walk |
| 28:29 | Mirror Image |
| 31:30 | Tiny Great Hall |
| 33:11 | Mirror Image |
| 34:15 | Peon |
| 34:15 | Peon |
| 34:15 | Peon |
| 34:15 | Peon |
| 34:16 | Peon |
| 37:47 | Troll Witch Doctor |
| 37:47 | Troll Witch Doctor |
| 37:47 | Troll Witch Doctor |
| 42:45 | Tiny Great Hall |
| 48:34 | Mirror Image |
| 51:08 | Hex |
| 53:31 | Watch Tower |
| 53:32 | Watch Tower |
| 53:33 | Watch Tower |
| 53:35 | Watch Tower |
| 53:36 | Watch Tower |
| 53:37 | Watch Tower |
| 53:40 | Watch Tower |
| Right click | 5598 |
| Select | 391 |
| Build/train/purchase | 315 |
| Chat | 93 |
| Resource trade | 89 |
| Use ability | 46 |
| Minimap ping | 43 |
| Misc. action | 39 |
| Item give/drop | 5 |
| Select group | 4 |
| Assign group | 3 |
Cabeelibob
(194)
(70:17) : 


| Boots of Speed | 4 | 1000 |
| Tiny Great Hall | 1 | 600 |
| total: | 5 | 1600g |
| Peasant | 16 | 1200 | / | 0 |
| total: | 16 | 1200g | / | 0w |
| Scout Tower | 47 | 1410 | / | 940 |
| Arcane Tower | 4 | 280 | / | 200 |
| Guard Tower | 12 | 840 | / | 600 |
| Altar of Kings | 1 | 180 | / | 50 |
| Farm | 3 | 240 | / | 60 |
| Lumber Mill | 1 | 120 | / | 0 |
| Town Hall | 3 | 1155 | / | 615 |
| Keep | 1 | 320 | / | 210 |
| Castle | 1 | 360 | / | 210 |
| total: | 55 | 3105g | / | 1665w |
| 0:05 | Altar of Kings |
| 0:09 | Farm |
| 0:09 | Peasant |
| 0:13 | Peasant |
| 0:24 | Peasant |
| 0:41 | Peasant |
| 0:49 | Lumber Mill |
| 0:55 | Peasant |
| 1:18 | Scout Tower |
| 1:20 | Peasant |
| 1:27 | Peasant |
| 1:32 | Farm |
| 1:35 | Peasant |
| 1:46 | Arcane Tower |
| 1:50 | Peasant |
| 1:55 | Improved Lumber Harvesting |
| 2:06 | Scout Tower |
| 2:11 | Storm Bolt |
| 2:26 | Peasant |
| 3:14 | Town Hall |
| 3:19 | Town Hall |
| 3:29 | Peasant |
| 3:29 | Peasant |
| 3:29 | Peasant |
| 3:31 | Improved Masonry |
| 3:42 | Scout Tower |
| 3:43 | Scout Tower |
| 3:45 | Scout Tower |
| 4:03 | Peasant |
| 4:59 | Bash |
| 5:13 | Scout Tower |
| 5:16 | Scout Tower |
| 5:16 | Scout Tower |
| 5:19 | Peasant |
| 5:19 | Peasant |
| 5:42 | Bash |
| 5:48 | Arcane Tower |
| 6:05 | Keep |
| 6:39 | Guard Tower |
| 6:42 | Scout Tower |
| 6:43 | Scout Tower |
| 6:44 | Scout Tower |
| 6:45 | Scout Tower |
| 7:00 | Scout Tower |
| 7:01 | Scout Tower |
| 7:02 | Scout Tower |
| 7:39 | Scout Tower |
| 7:39 | Scout Tower |
| 7:41 | Scout Tower |
| 7:43 | Guard Tower |
| 7:44 | Guard Tower |
| 7:47 | Guard Tower |
| 7:50 | Scout Tower |
| 7:51 | Scout Tower |
| 7:52 | Scout Tower |
| 7:53 | Scout Tower |
| 8:34 | Guard Tower |
| 8:49 | Storm Bolt |
| 9:05 | Arcane Tower |
| 9:06 | Arcane Tower |
| 9:11 | Scout Tower |
| 9:12 | Scout Tower |
| 9:12 | Scout Tower |
| 9:14 | Scout Tower |
| 9:26 | Guard Tower |
| 9:33 | Scout Tower |
| 9:34 | Scout Tower |
| 9:34 | Scout Tower |
| 10:02 | Holy Light |
| 10:20 | Scout Tower |
| 10:21 | Scout Tower |
| 10:22 | Scout Tower |
| 10:29 | Guard Tower |
| 10:32 | Scout Tower |
| 10:32 | Scout Tower |
| 10:33 | Scout Tower |
| 10:34 | Scout Tower |
| 10:38 | Scout Tower |
| 11:15 | Holy Light |
| 11:31 | Guard Tower |
| 11:35 | Guard Tower |
| 12:03 | Storm Bolt |
| 14:55 | Guard Tower |
| 16:25 | Divine Shield |
| 17:09 | Scout Tower |
| 17:10 | Scout Tower |
| 17:11 | Scout Tower |
| 17:12 | Scout Tower |
| 18:39 | Holy Light |
| 18:41 | Advanced Masonry |
| 18:45 | Guard Tower |
| 21:00 | Divine Shield |
| 23:44 | Divine Shield |
| 23:46 | Bash |
| 24:04 | Tiny Great Hall |
| 26:12 | Bash |
| 27:15 | Scout Tower |
| 27:16 | Scout Tower |
| 27:17 | Scout Tower |
| 27:18 | Scout Tower |
| 27:20 | Scout Tower |
| 27:21 | Scout Tower |
| 29:06 | Guard Tower |
| 29:35 | Castle |
| 34:04 | Imbued Masonry |
| 34:09 | Farm |
| 36:04 | Brilliance Aura |
| 41:09 | Boots of Speed |
| 41:09 | Boots of Speed |
| 42:37 | Boots of Speed |
| 43:24 | Boots of Speed |
| 59:51 | Holy Light |
| 60:12 | Holy Light |
| 64:38 | Town Hall |
| Right click | 1863 |
| Select group | 663 |
| Select | 497 |
| Misc. action | 201 |
| Use ability | 156 |
| Chat | 127 |
| Resource trade | 87 |
| Build/train/purchase | 74 |
| Assign group | 13 |
| Minimap ping | 11 |
| Item give/drop | 3 |